A+ EAST
GREENSBORO GRASSHOPPERS @ BOWLING GREEN HOT RODS
08/31/2041
 
TOP OF THE 1ST
Greensboro Grasshoppers batting - Pitching for Bowling Green Hot Rods : RHP Ed Clayton
Pitching: RHP Ed Clayton
Batting: LHB Andre Vigil Jr. 0-0: Called Strike
0-1: Foul Ball, location: 3F
0-2: Ball
1-2: Ball
2-2: Ball
3-2: Ground out 4-3 (Groundball, 4, EV 85.0 MPH)
Batting: LHB Ben Walker 0-0: Ball
1-0: Ball
2-0: Ball
3-0: Called Strike
3-1: Ground out 4-3 (Groundball, 4, EV 88.8 MPH)
Batting: RHB António Páez 0-0: Called Strike
0-1: SINGLE (Line Drive, 78S, EV 103.8 MPH)
Batting: RHB Pepe Bañuelos 0-0: Called Strike
0-1: Foul Ball, location: 3FF
0-2: Foul Ball, location: 23F
0-2: Hit by Pitch
António Páez to second
Batting: RHB Derek Adams 0-0: Ball
1-0: Ball
2-0: Called Strike
2-1: Fly out, F8 (Flyball, 8LM, EV 98.8 MPH)
Top of the 1st over - 0 runs, 1 hit, 0 errors, 2 left on base; Greensboro 0 - Bowling Green 0
BOTTOM OF THE 1ST
Bowling Green Hot Rods batting - Pitching for Greensboro Grasshoppers : RHP Don Robinson
Pitching: RHP Don Robinson
Batting: RHB Esteban Rosas 0-0: Ground out 1-3 (Groundball, 15S, EV 71.3 MPH)
Batting: RHB B.J. Bushel 0-0: Ball
1-0: Swinging Strike
1-1: Foul Ball, location: 3SF
1-2: Foul Ball, location: 7LSF
1-2: Fly out, F8 (Flyball, 8RD, EV 91.3 MPH)
Batting: LHB Jerry Thomas 0-0: Ball
1-0: Called Strike
1-1: Called Strike
1-2: Strikes out swinging, 2-3 out at first.
Bottom of the 1st over - 0 runs, 0 hits, 0 errors, 0 left on base; Greensboro 0 - Bowling Green 0
TOP OF THE 2ND
Greensboro Grasshoppers batting - Pitching for Bowling Green Hot Rods : RHP Ed Clayton
Batting: RHB Kevin Bauer 0-0: Called Strike
0-1: Swinging Strike
0-2: SINGLE (Groundball, 5D, EV 96.3 MPH)
Batting: RHB Chris Parkinson 0-0: Sac Bunt to 15S - play at second, runner OUT! 1-6
Batting: LHB Carl Reader 0-0: Ball
1-0: Ball
2-0: Ball
3-0: Base on Balls
Chris Parkinson to second
Batting: RHB Luis Cuestas 0-0: Called Strike
0-1: Swinging Strike
0-2: Ball
1-2: Strikes out swinging
Batting: LHB Andre Vigil Jr. 0-0: Foul Ball, location: 23FF
0-1: Ball
1-1: Ball
2-1: Called Strike
2-2: Strikes out swinging
Top of the 2nd over - 0 runs, 1 hit, 0 errors, 2 left on base; Greensboro 0 - Bowling Green 0
BOTTOM OF THE 2ND
Bowling Green Hot Rods batting - Pitching for Greensboro Grasshoppers : RHP Don Robinson
Batting: RHB David Moreno 0-0: Called Strike
0-1: Ball
1-1: Ground out 6-3 (Groundball, 6MS, EV 90.0 MPH)
Batting: RHB Mike Jordan 0-0: Ball
1-0: Ball
2-0: Called Strike
2-1: Ball
3-1: Base on Balls
Batting: LHB Dave Hicks 0-0: Called Strike
0-1: Ball
1-1: 2-RUN HOME RUN (Flyball, 78XD, EV 99.4 MPH), Distance : 410 ft
Batting: SHB J.R. Smith 0-0: Foul Ball, location: 3F
0-1: Foul Ball, location: 23FF
0-2: Strikes out looking
Batting: RHB Butch Coleman 0-0: Foul Ball, location: 5F
0-1: Swinging Strike
0-2: Strikes out looking
Bottom of the 2nd over - 2 runs, 1 hit, 0 errors, 0 left on base; Greensboro 0 - Bowling Green 2
TOP OF THE 3RD
Greensboro Grasshoppers batting - Pitching for Bowling Green Hot Rods : RHP Ed Clayton
Batting: LHB Ben Walker 0-0: Ball
1-0: Called Strike
1-1: Called Strike
1-2: Ball
2-2: Strikes out swinging
Batting: RHB António Páez 0-0: Ball
1-0: Ground out 5-3 (Groundball, 5, EV 99.4 MPH)
Batting: RHB Pepe Bañuelos 0-0: Ball
1-0: Foul Ball, location: 2F
1-1: DOUBLE (Flyball, 8RD, EV 88.8 MPH) - OUT at third base trying to stretch hit.
Top of the 3rd over - 0 runs, 1 hit, 0 errors, 0 left on base; Greensboro 0 - Bowling Green 2
BOTTOM OF THE 3RD
Bowling Green Hot Rods batting - Pitching for Greensboro Grasshoppers : RHP Don Robinson
Batting: LHB Juan Árias 0-0: Called Strike
0-1: SINGLE (Groundball, 6, EV 95.0 MPH) (infield hit)
Batting: RHB Esteban Rosas 0-0: Called Strike
Juan Árias steals 2nd base
0-1: Ball
1-1: Bunt missed!
1-2: Ball
2-2: Fly out, F8 (Flyball, 8LM, EV 97.5 MPH)
Batting: RHB B.J. Bushel 0-0: Fly out, F9 (Flyball, 89M, EV 85.6 MPH)
Batting: LHB Jerry Thomas 0-0: Foul Ball, location: 7LDF
0-1: Ball
1-1: Called Strike
1-2: Foul Ball, location: 2F
1-2: Foul Ball, location: 7LMF
1-2: Foul Ball, location: 9LDF
1-2: Ball
2-2: Ball
3-2: Base on Balls
Batting: RHB David Moreno 0-0: Fly out, F4 (Popup, 34D, EV 59.4 MPH)
Bottom of the 3rd over - 0 runs, 1 hit, 0 errors, 2 left on base; Greensboro 0 - Bowling Green 2
TOP OF THE 4TH
Greensboro Grasshoppers batting - Pitching for Bowling Green Hot Rods : RHP Ed Clayton
Batting: RHB Derek Adams 0-0: Ball
1-0: Foul Ball, location: 9LSF
1-1: Called Strike
1-2: Ball
2-2: Strikes out swinging
Batting: RHB Kevin Bauer 0-0: Foul Ball, location: 5F
0-1: Foul Ball, location: 2F
0-2: Ball
1-2: Foul Ball, location: 2F
1-2: Strikes out looking
Batting: RHB Chris Parkinson 0-0: Ground out 6-3 (Groundball, 6, EV 83.1 MPH)
Top of the 4th over - 0 runs, 0 hits, 0 errors, 0 left on base; Greensboro 0 - Bowling Green 2
BOTTOM OF THE 4TH
Bowling Green Hot Rods batting - Pitching for Greensboro Grasshoppers : RHP Don Robinson
Batting: RHB Mike Jordan 0-0: Swinging Strike
0-1: Ball
1-1: Ball
2-1: Swinging Strike
2-2: Strikes out looking
Batting: LHB Dave Hicks 0-0: Ball
1-0: Foul Ball, location: 7LDF
1-1: Foul Ball, location: 3FF
1-2: Ball
2-2: Ball
3-2: Base on Balls
Batting: SHB J.R. Smith 0-0: Called Strike
0-1: Ball
Dave Hicks steals 2nd base
1-1: Foul Ball, location: 2F
1-2: Strikes out swinging
Batting: RHB Butch Coleman 0-0: Swinging Strike
0-1: Foul Ball, location: 9LMF
0-2: Foul Ball, location: 2F
0-2: Strikes out swinging
Bottom of the 4th over - 0 runs, 0 hits, 0 errors, 1 left on base; Greensboro 0 - Bowling Green 2
TOP OF THE 5TH
Greensboro Grasshoppers batting - Pitching for Bowling Green Hot Rods : RHP Ed Clayton
Batting: LHB Carl Reader 0-0: Swinging Strike
0-1: DOUBLE (Flyball, 78D, EV 100.6 MPH)
Batting: RHB Luis Cuestas 0-0: Called Strike
0-1: Called Strike
0-2: Ball
1-2: Ball
2-2: Strikes out swinging
Batting: LHB Andre Vigil Jr. 0-0: Ball
1-0: Called Strike
1-1: Swinging Strike
1-2: Strikes out swinging
Batting: LHB Ben Walker 0-0: Foul Ball, location: 7LSF
0-1: Ball
1-1: Ground out U3 (Groundball, 34, EV 108.1 MPH)
Top of the 5th over - 0 runs, 1 hit, 0 errors, 1 left on base; Greensboro 0 - Bowling Green 2
BOTTOM OF THE 5TH
Bowling Green Hot Rods batting - Pitching for Greensboro Grasshoppers : RHP Don Robinson
Batting: LHB Juan Árias 0-0: Ball
1-0: Foul Ball, location: 2F
1-1: Ball
2-1: Called Strike
2-2: Strikes out swinging
Batting: RHB Esteban Rosas 0-0: Ball
1-0: Ball
2-0: Ball
3-0: Called Strike
3-1: Base on Balls
Batting: RHB B.J. Bushel 0-0: Ball
1-0: Foul Ball, location: 5F
1-1: Ball
2-1: Foul Ball, location: 25F
2-2: SINGLE (Groundball, 6MD, EV 99.4 MPH)
Esteban Rosas to second
Batting: LHB Jerry Thomas 0-0: Ball
1-0: Called Strike
1-1: Swinging Strike
1-2: TRIPLE (Line Drive, 89XD, EV 110.0 MPH)
Esteban Rosas scores
B.J. Bushel scores
Batting: RHB David Moreno 0-0: Foul Ball, location: 2F
0-1: Ball
1-1: Foul Ball, location: 2LF
1-2: Foul Ball, location: 9LDF
1-2: Strikes out looking
Pitching: RHP Kevin Mickens
Batting: RHB Mike Jordan 0-0: Ball
1-0: DOUBLE (Line Drive, 3D, EV 96.9 MPH)
Jerry Thomas scores
Batting: LHB Dave Hicks 0-0: Foul Ball, location: 25F
0-1: Swinging Strike
0-2: Strikes out looking
Bottom of the 5th over - 3 runs, 3 hits, 0 errors, 1 left on base; Greensboro 0 - Bowling Green 5
TOP OF THE 6TH
Greensboro Grasshoppers batting - Pitching for Bowling Green Hot Rods : RHP Ed Clayton
Batting: RHB António Páez 0-0: Foul Ball, location: 25F
0-1: Swinging Strike
0-2: Ball
1-2: SOLO HOME RUN (Flyball, 9LD, EV 93.1 MPH), Distance : 329 ft
Batting: RHB Pepe Bañuelos 0-0: Ball
1-0: SINGLE (Groundball, 4D, EV 110.6 MPH)
Batting: RHB Derek Adams 0-0: Fly out, F8 (Flyball, 8RD, EV 105.0 MPH)
Batting: RHB Kevin Bauer 0-0: Ball
1-0: Ball
2-0: Foul Ball, location: 5F
2-1: Foul Ball, location: 9LMF
2-2: Foul Ball, location: 2F
2-2: Foul Ball, location: 2F
2-2: Ball
3-2: Strikes out swinging
Pitching: RHP Jason Viaud
Batting: RHB Chris Parkinson 0-0: Ball
1-0: Fielders Choice at 2nd, 5-4 (Groundball, 56, EV 106.3 MPH)
Top of the 6th over - 1 run, 2 hits, 0 errors, 1 left on base; Greensboro 1 - Bowling Green 5
BOTTOM OF THE 6TH
Bowling Green Hot Rods batting - Pitching for Greensboro Grasshoppers : RHP Kevin Mickens
Batting: SHB J.R. Smith 0-0: Ball
1-0: Foul Ball, location: 2F
1-1: Ball
2-1: DOUBLE (Line Drive, 89D, EV 106.9 MPH)
Batting: RHB Butch Coleman 0-0: Foul Ball, location: 2F
0-1: Foul Ball, location: 9LSF
0-2: Strikes out swinging
Batting: LHB Juan Árias 0-0: Called Strike
0-1: Ball
1-1: Ball
2-1: Foul Ball, location: 3SF
2-2: Fly out, F7 (Flyball, 7, EV 81.9 MPH)
Batting: RHB Esteban Rosas 0-0: Ball
1-0: Ball
2-0: DOUBLE (Line Drive, 7LM, EV 91.3 MPH)
J.R. Smith scores
Batting: RHB B.J. Bushel 0-0: Swinging Strike
0-1: Foul Ball, location: 2F
0-2: Foul Ball, location: 23F
0-2: Ball
1-2: DOUBLE (Line Drive, 7LM, EV 108.8 MPH)
Esteban Rosas scores
Batting: LHB Jerry Thomas 0-0: Ball
1-0: Foul Ball, location: 5F
1-1: Foul Ball, location: 7LSF
1-2: Fly out, F7 (Flyball, 7LS, EV 95.0 MPH)
Bottom of the 6th over - 2 runs, 3 hits, 0 errors, 1 left on base; Greensboro 1 - Bowling Green 7
TOP OF THE 7TH
Greensboro Grasshoppers batting - Pitching for Bowling Green Hot Rods : RHP Jason Viaud
Batting: LHB Carl Reader 0-0: Ball
1-0: Called Strike
1-1: Ball
2-1: Called Strike
2-2: Strikes out swinging
Batting: RHB Luis Cuestas 0-0: Foul Ball, location: 2F
0-1: Swinging Strike
0-2: Strikes out swinging
Batting: LHB Andre Vigil Jr. 0-0: Called Strike
0-1: Swinging Strike
0-2: Hit by Pitch
Batting: LHB Ben Walker 0-0: Ball
1-0: Fly out, F5 (Popup, 56, EV 74.4 MPH)
Top of the 7th over - 0 runs, 0 hits, 0 errors, 1 left on base; Greensboro 1 - Bowling Green 7
BOTTOM OF THE 7TH
Bowling Green Hot Rods batting - Pitching for Greensboro Grasshoppers : RHP Kevin Mickens
Batting: RHB David Moreno 0-0: Ball
1-0: Ball
2-0: Ground out 6-3 (Groundball, 6, EV 110.0 MPH)
Batting: RHB Mike Jordan 0-0: Ball
1-0: Ground out 4-3 (Groundball, 4, EV 83.1 MPH)
Batting: LHB Dave Hicks 0-0: Called Strike
0-1: Foul Ball, location: 2F
0-2: Ball
1-2: Strikes out swinging
Bottom of the 7th over - 0 runs, 0 hits, 0 errors, 0 left on base; Greensboro 1 - Bowling Green 7
TOP OF THE 8TH
Greensboro Grasshoppers batting - Pitching for Bowling Green Hot Rods : RHP Jason Viaud
Batting: RHB António Páez 0-0: Called Strike
0-1: Ball
1-1: Foul Ball, location: 2F
1-2: Strikes out swinging
Batting: RHB Pepe Bañuelos 0-0: Called Strike
0-1: Fly out, F9 (Flyball, 9, EV 85.6 MPH)
Batting: RHB Derek Adams 0-0: Ball
1-0: Called Strike
1-1: Ball
2-1: Fly out, F4 (Popup, 34D, EV 66.3 MPH)
Top of the 8th over - 0 runs, 0 hits, 0 errors, 0 left on base; Greensboro 1 - Bowling Green 7
BOTTOM OF THE 8TH
Bowling Green Hot Rods batting - Pitching for Greensboro Grasshoppers : RHP Kevin Mickens
Batting: SHB J.R. Smith 0-0: Ground out 6-3 (Groundball, 6, EV 89.4 MPH)
Batting: RHB Butch Coleman 0-0: Ball
1-0: Swinging Strike
1-1: Called Strike
1-2: Foul Ball, location: 2F
1-2: Ground out 4-3 (Groundball, 4, EV 103.8 MPH)
Batting: LHB Juan Árias 0-0: SINGLE (Line Drive, 4D, EV 96.3 MPH)
Batting: RHB Esteban Rosas 0-0: Ball
Juan Árias steals 2nd base
1-0: Ball
2-0: Foul Ball, location: 3F
2-1: Ball
3-1: Called Strike
3-2: Foul Ball, location: 2RF
3-2: Base on Balls
Batting: RHB B.J. Bushel 0-0: Ball
1-0: Ball
2-0: Swinging Strike
2-1: Ground out U3 (Groundball, 3, EV 85.6 MPH)
Bottom of the 8th over - 0 runs, 1 hit, 0 errors, 2 left on base; Greensboro 1 - Bowling Green 7
TOP OF THE 9TH
Greensboro Grasshoppers batting - Pitching for Bowling Green Hot Rods : RHP Jason Viaud
Batting: RHB Kevin Bauer 0-0: Ground out 4-3 (Groundball, 4M, EV 91.9 MPH)
Batting: RHB Chris Parkinson 0-0: Foul Ball, location: 3SF
0-1: Ball
1-1: Swinging Strike
1-2: Ball
2-2: Foul Ball, location: 3FF
2-2: Strikes out swinging
Batting: LHB Carl Reader 0-0: Ball
1-0: Called Strike
1-1: Swinging Strike
1-2: Ball
2-2: Foul Ball, location: 25F
2-2: Ground out 3-1 (Groundball, 34, EV 86.3 MPH)
Top of the 9th over - 0 runs, 0 hits, 0 errors, 0 left on base; Greensboro 1 - Bowling Green 7
Monday, April 1st , 2024 - OOTP Baseball 24.10 Build 82